 Dungeon Crawl Stone Soup version 0.30-a0-718-geaa24f58ff (webtiles) character file.

Game seed: 15933510205969454146

211 oldriver the Trooper (level 5, -2/47 HPs)
             Began as a Ghoul Gladiator on Jan 25, 2023.
             Engulfed by a steam dragon's steam (7 damage)
             ... on level 4 of the Dungeon.
             The game lasted 00:03:43 (2691 turns).

oldriver the Trooper (Ghoul Gladiator)              Turns: 2691, Time: 00:03:43

Health: -2/47      AC:  4    Str: 18 (20) XL:     5   Next: 88%
Magic:  4/4        EV: 11    Int:  1 (3)  God:
Gold:   192        SH:  0    Dex:  7 (10) Spells: 4/4 levels left

rFire   . . .      SeeInvis .      - Unarmed
rCold   + + .      Faith    .    (no shield)
rNeg    + + +      Spirit   .    a - +0 leather armour
rPois   ∞          Reflect  .    b - +0 helmet
rElec   .          Harm     .    (no cloak)
rCorr   .          Rampage  .    (no gloves)
Will    .....                    (no boots)
Stlth   ++                       (no amulet)
HPRegen 0.00/turn                l - ring of protection from cold
MPRegen 0.09/turn                (no ring)

@: mighty, inhibited regen, hasted, very quick
A: claws 1, cold resistance 1, negative energy resistance 3, inhibited
regeneration, torment resistance 2, devour on kill
a: no special abilities


You were on level 4 of the Dungeon.
You visited 1 branch of the dungeon, and saw 4 of its levels.

You collected 192 gold pieces.

Inventory:

Missiles
 c - 3 throwing nets
 d - a javelin
 k - 6 poisoned darts
 m - 16 stones (quivered)
Armour
 a - a +0 leather armour (worn)
 b - a +0 helmet (worn)
Jewellery
 l - a ring of protection from cold (left claw)
Wands
 s - a wand of iceblast (15)
Scrolls
 f - 7 scrolls of identify
 g - 3 scrolls of teleportation
 h - a scroll of noise {unknown}
 i - a scroll of immolation
 j - a scroll of enchant armour {unknown}
Potions
 e - a potion of brilliance


   Skills:
 * Level 4.5 Fighting
 - Level 3.0 Throwing
 + Level 1.0 Armour
 - Level 3.0 Dodging
 + Level 2.7 Stealth
 - Level 3.2 Unarmed Combat


You had 4 spell levels left.
You didn't know any spells.
Your spell library was empty.

Dungeon Overview and Level Annotations

Branches:
Dungeon (4/15)
 Temple: D:4-7

Altars:
Hepliaklqana


Innate Abilities, Weirdness & Mutations

You are immune to poison.
You have sharp fingernails.
Your flesh is cold resistant. (rC+)
You are immune to negative energy. (rN+++)
You do not regenerate when monsters are visible.
You are immune to unholy pain and torment.
You thrive by killing the living.


Message History

You're standing in a cloud of steam!
The steam dragon breathes steam at you. The ball of steam hits you!
You feel better.
You are engulfed in a cloud of scalding steam.
* * * LOW HITPOINT WARNING * * *
Okay, then.
It was a potion of heal wounds.
You feel much better.
You are engulfed in a cloud of scalding steam.
The steam dragon bites you. The steam dragon closely misses you.
It was a potion of degeneration.
There was something very wrong with that liquid.
You feel weakened.
You feel dopey.
You feel clumsy. The steam dragon bites you. The steam dragon claws you.
It was a potion of haste.
You feel yourself speed up. The steam dragon barely misses you. x2
It was a potion of mutation.
You feel extremely strange.
Your body decomposes!
You feel clumsy.
Your body decomposes!
You feel clumsy.
Your body decomposes!
You feel dopey.
It was a potion of might.
You feel very mighty all of a sudden. The steam dragon breathes steam at you.
The ball of steam hits you!
* * * LOW HITPOINT WARNING * * *
You hear a shout! x2
You claw the steam dragon!
The steam dragon is moderately wounded.
You are engulfed in a cloud of scalding steam.
* * * LOW HITPOINT WARNING * * *
The steam dragon bites you but does no damage.
The steam dragon claws you but does no damage.
As you read the scroll labelled ZUFYFFAIB, it crumbles to dust.
The creatures around you are filled with an inner flame!
It was a scroll of immolation.
You are engulfed in a cloud of scalding steam.
You die...

.......###########
.........)†......#
.......###.....#.#######
######...#.............#
###...............#
...................#
.......####?.......#
.......# #.D......#
.......# #.@...)..#
......[# #§§......#
....... #.§§.....# ....
##.§###### #... #.#.#
#...# ###.# ..


You could see a steam dragon (inner flame, catching breath).

Vanquished Creatures
  A necrophage (D:2)
  Ijyb (D:3)
  Jessica (D:3)
  4 adders
  A worm (D:2)
  A dart slug (D:4)
  7 endoplasms
  2 giant cockroaches (D:2)
  7 goblins
  6 hobgoblins
  4 quokkas
  7 ball pythons
  4 bats
  2 frilled lizards
  6 kobolds
  3 rats
57 creatures vanquished.

Notes
Turn   | Place    | Note
-------+----------+-------------------------------------------
     0 | D:1      | oldriver the Ghoul Gladiator began the quest for the Orb.
     0 | D:1      | Reached XP level 1. HP: 17/17 MP: 0/0
   262 | D:1      | Reached XP level 2. HP: 25/25 MP: 1/1
   879 | D:2      | Reached skill level 1 in Stealth
   885 | D:2      | Reached XP level 3. HP: 30/30 MP: 2/2
  1224 | D:2      | Reached skill level 3 in Fighting
  1313 | D:2      | Noticed a necrophage
  1351 | D:2      | Killed a necrophage
  1352 | D:2      | Reached XP level 4. HP: 15/40 MP: 3/3
  1352 | D:2      | Reached XP level 5. HP: 17/46 MP: 4/4
  1471 | D:2      | Found a hazy altar of Hepliaklqana.
  1677 | D:3      | Noticed Jessica
  1768 | D:3      | Killed Jessica
  1769 | D:3      | Reached skill level 4 in Fighting
  2391 | D:3      | Noticed Ijyb
  2407 | D:3      | Killed Ijyb
  2662 | D:4      | Reached skill level 1 in Armour
  2662 | D:4      | Noticed a steam dragon
  2691 | D:4      | Engulfed by a steam dragon's steam

Illustrated notes

Levels and vault maps discovered:
D:1:      mrwooster_arrival_statue, layout_basic, fountainhead
D:2:      layout_rooms, basic_altar
D:3:      layout_loops_corners, hangedman_decor_points, minmay_ruptured,
          uniq_jessica, uniq_ijyb
D:4:      layout_basic, uniq_pikel

Skill      XL: |  1  2  3  4  5 |
---------------+----------------+-----
Throwing       | 2 3 |  3.0
Stealth        | 1 2 |  2.7
Fighting       | 3 4 |  4.5
Dodging        | 3 |  3.0
Armour         | 1 |  1.0
Unarmed Combat | |  3.2

Action                     |  1- 3 |  4- 6 || total
---------------------------+-------+-------++-------
  Melee: Unarmed           |   111 |    88 ||   199
         Punch             |     4 |     1 ||     5
  Throw: Stone             |    14 |       ||    14
         Throwing net      |     1 |       ||     1
    Use: Potion            |     2 |     6 ||     8
         Scroll            |       |     2 ||     2
   Stab: Sleeping          |     1 |     2 ||     3
 Armour: Leather armour    |    33 |    24 ||    57
  Dodge: Dodged            |    65 |    53 ||   118

Table legend: (Time is in decaauts)
 A = Elapsed time spent in this place.
 B = Non-inter-level travel time spent in this place.
 C = Inter-level travel time spent in this place.
 D = Time resting spent in this place.
 E = Time spent auto-exploring this place.
 F = Levels seen in this place.
 G = Mean time per level.
                   A        B        C        D        E       F      G
               +--------+--------+--------+--------+--------+-----+--------+
         Total |   2678 |   2580 |     98 |    110 |   1872 |   4 |  669.5 |
       Dungeon |   2678 |   2580 |     98 |    110 |   1872 |   4 |  669.5 |
               +--------+--------+--------+--------+--------+-----+--------+

Top non-repeatable levels by time:
     D:3: 944 daAuts
     D:1: 842 daAuts
     D:2: 806 daAuts
     D:4: 84 daAuts
